General information
- name: BNet
- type: Ladder team game (AT/RT)
- host: Battle.net
- saver: Blahsmack
map: SunrockCove
- players: 6
- length: 54:21
- speed: Fast
- version: 1.21 W3XP
- replay type: Public
» download(269 KB)
Players
team 1 (loser)
centipede.1 (
purple | 39 APM | 2096 actions | 54:04)
5 Death Knight
2 Death Coil
3 Unholy Aura
4 Lich
2 Frost Nova
2 Dark Ritual
» actions
| Build / train | 109 | |
| Enter build submenu | 28 | |
| Enter hero's abilities submenu | 12 | |
| Give item / drop item | 3 | |
| Right click | 1229 | |
| Select / deselect | 604 | |
| Use ability | 111 | |
2096 total
» units
| Acolyte | 25 | |
| Ghoul | 6 | |
| Crypt Fiend | 11 | |
| Frost Wyrm | 26 | |
| Goblin Zeppelin | 3 | |
71 total
» upgrades
| Creature Attack | 2 | |
| Web | 1 | |
| Creature Carapace | 2 | |
| Freezing Breath | 1 | |
6 total
» buildings
| Crypt | 1 | |
| Graveyard | 1 | |
| Ziggurat | 17 | |
| Altar of Darkness | 1 | |
| Nerubian Tower | 2 | |
| Tomb of Relics | 1 | |
| Spirit Tower | 12 | |
| Halls of the Dead | 1 | |
| Black Citadel | 1 | |
| Sacrificial Pit | 1 | |
| Boneyard | 3 | |
41 total
» build order
00:25 Crypt
00:30 Graveyard
00:40 Ziggurat
00:58 Altar of Darkness
01:15 Ziggurat
01:57 Nerubian Tower
02:12 Tomb of Relics
03:07 Spirit Tower
04:38 Halls of the Dead
05:22 Ziggurat
06:10 Ziggurat
06:15 Ziggurat
06:25 Spirit Tower
07:21 Spirit Tower
07:28 Spirit Tower
09:41 Black Citadel
10:37 Sacrificial Pit
11:28 Ziggurat
12:49 Ziggurat
12:51 Ziggurat
12:53 Ziggurat
13:05 Boneyard
13:39 Boneyard
15:06 Spirit Tower
15:10 Spirit Tower
15:11 Nerubian Tower
17:31 Boneyard
21:02 Spirit Tower
21:30 Ziggurat
21:32 Ziggurat
22:30 Spirit Tower
22:31 Spirit Tower
28:09 Ziggurat
28:11 Ziggurat
28:13 Ziggurat
29:06 Spirit Tower
29:07 Spirit Tower
29:08 Spirit Tower
52:17 Ziggurat
52:25 Ziggurat
52:27 Ziggurat
» items
| Rod of Necromancy | 2 | |
| Dust of Appearance | 1 | |
| Potion of Mana | 1 | |
| Periapt of Vitality | 1 | |
5 total
hunterkillers (
green | 31 APM | 1654 actions | 54:11)
6 Paladin
3 Holy Light
2 Devotion Aura
1 Resurrection
4 Mountain King
2 Storm Bolt
2 Bash
» actions
| Basic commands | 30 | |
| Build / train | 117 | |
| Enter build submenu | 45 | |
| Enter hero's abilities submenu | 10 | |
| Right click | 711 | |
| Select / deselect | 625 | |
| Use ability | 115 | |
1654 total
» units
| Peasant | 17 | |
| Footman | 6 | |
| Knight | 19 | |
| Priest | 4 | |
| Siege Engine | 5 | |
| Goblin Zeppelin | 15 | |
| Rifleman | 1 | |
67 total
» upgrades
| Defend | 1 | |
| Lumber Harvesting | 2 | |
| Magic Sentry | 1 | |
| Priest Training | 2 | |
| Animal War Training | 1 | |
| Plating | 3 | |
| Masonry | 1 | |
| Swords | 2 | |
| Barrage | 1 | |
14 total
» buildings
| Altar of Kings | 1 | |
| Farm | 11 | |
| Barracks | 2 | |
| Lumber Mill | 1 | |
| Town Hall | 2 | |
| Keep | 1 | |
| Arcane Vault | 1 | |
| Scout Tower | 17 | |
| Guard Tower | 16 | |
| Castle | 1 | |
| Blacksmith | 1 | |
| Arcane Sanctum | 1 | |
| Arcane Tower | 2 | |
| Gryphon Aviary | 4 | |
| Workshop | 2 | |
63 total
» build order
00:11 Altar of Kings
00:14 Farm
00:49 Barracks
01:34 Lumber Mill
01:49 Farm
02:58 Farm
03:52 Farm
04:08 Barracks
05:04 Town Hall
05:11 Keep
05:36 Arcane Vault
06:12 Scout Tower
06:18 Scout Tower
06:45 Guard Tower
06:48 Guard Tower
06:49 Guard Tower
07:50 Scout Tower
08:12 Castle
08:15 Blacksmith
08:34 Arcane Sanctum
08:47 Farm
10:10 Scout Tower
10:29 Farm
11:16 Farm
12:05 Scout Tower
12:34 Farm
12:38 Guard Tower
12:38 Guard Tower
12:41 Scout Tower
13:15 Arcane Tower
13:16 Arcane Tower
13:20 Scout Tower
13:24 Farm
13:52 Guard Tower
13:53 Guard Tower
13:55 Scout Tower
14:02 Scout Tower
14:06 Scout Tower
14:09 Scout Tower
14:21 Scout Tower
14:27 Guard Tower
14:28 Guard Tower
14:32 Scout Tower
14:35 Farm
14:37 Guard Tower
14:43 Guard Tower
14:44 Guard Tower
14:54 Guard Tower
14:59 Farm
15:08 Guard Tower
16:47 Gryphon Aviary
16:50 Gryphon Aviary
19:15 Workshop
19:19 Workshop
19:26 Scout Tower
19:29 Scout Tower
20:07 Guard Tower
20:10 Scout Tower
20:11 Scout Tower
20:53 Guard Tower
39:35 Gryphon Aviary
39:41 Gryphon Aviary
42:16 Town Hall
» items
| Scroll of Regeneration | 1 | |
| Scroll of Town Portal | 1 | |
2 total
sasame (
pink | 36 APM | 1930 actions | 54:18)
5 Blademaster
2 Wind Walk
3 Mirror Image
3 Shadow Hunter
2 Hex
1 Healing Wave
» actions
| Basic commands | 102 | |
| Build / train | 119 | |
| ESC pressed | 6 | |
| Enter build submenu | 52 | |
| Enter hero's abilities submenu | 8 | |
| Give item / drop item | 5 | |
| Right click | 594 | |
| Select / deselect | 839 | |
| Use ability | 205 | |
1930 total
» units
| Peon | 52 | |
| Troll Headhunter/Berserker | 20 | |
| Demolisher | 5 | |
| Troll Witch Doctor | 1 | |
| Grunt | 3 | |
| Goblin Zeppelin | 1 | |
82 total
» upgrades
| Ranged Weapons | 1 | |
| Pillage | 1 | |
| Witch Doctor Training | 1 | |
3 total
» buildings
| Altar of Storms | 2 | |
| Orc Burrow | 14 | |
| War Mill | 1 | |
| Barracks | 4 | |
| Watch Tower | 14 | |
| Voodoo Lounge | 3 | |
| Great Hall | 7 | |
| Stronghold | 2 | |
| Spirit Lodge | 1 | |
48 total
» build order
00:15 Altar of Storms
00:20 Orc Burrow
00:32 War Mill
01:24 Barracks
01:49 Orc Burrow
02:31 Barracks
02:47 Orc Burrow
03:04 Watch Tower
03:32 Watch Tower
03:54 Watch Tower
04:47 Voodoo Lounge
05:08 Orc Burrow
06:01 Orc Burrow
06:30 Great Hall
07:21 Stronghold
07:21 Stronghold
07:26 Orc Burrow
08:34 Orc Burrow
10:14 Watch Tower
10:24 Spirit Lodge
10:33 Watch Tower
11:38 Watch Tower
11:55 Watch Tower
12:13 Orc Burrow
16:44 Great Hall
17:35 Watch Tower
17:47 Barracks
17:49 Watch Tower
17:51 Barracks
18:10 Watch Tower
18:30 Altar of Storms
18:34 Watch Tower
18:58 Watch Tower
19:00 Watch Tower
19:01 Watch Tower
20:29 Orc Burrow
20:32 Orc Burrow
24:27 Orc Burrow
25:36 Orc Burrow
27:49 Orc Burrow
28:28 Voodoo Lounge
29:42 Orc Burrow
33:34 Great Hall
38:06 Great Hall
44:00 Great Hall
49:15 Voodoo Lounge
49:29 Great Hall
51:20 Great Hall
» items
| Orb of Corruption | 1 | |
| Dust of Appearance | 7 | |
| Boots of Speed | 2 | |
| Staff of Teleportation | 3 | |
| Periapt of Vitality | 1 | |
| Potion of Lesser Invulnerability | 1 | |
| Scroll of Healing | 1 | |
16 total
team 2 (winner)
bia-bia-bia (
red | 59 APM | 3232 actions | 54:19)
10 Blademaster
3 Wind Walk
3 Critical Strike
1 Bladestorm
3 Mirror Image
» actions
| Assign group hotkey | 5 | |
| Basic commands | 32 | |
| Build / train | 95 | |
| ESC pressed | 4 | |
| Enter build submenu | 128 | |
| Enter hero's abilities submenu | 10 | |
| Give item / drop item | 9 | |
| Right click | 1753 | |
| Select / deselect | 607 | |
| Select group hotkey | 312 | |
| Use ability | 277 | |
3232 total
» units
| Peon | 23 | |
| Grunt | 2 | |
| Goblin Zeppelin | 3 | |
| Goblin Shredder | 4 | |
| Troll Batrider | 10 | |
42 total
» upgrades
| Ranged Weapons | 3 | |
| Liquid Fire | 1 | |
| Armor | 3 | |
| Troll Regeneration | 1 | |
| Reinforced Defenses | 1 | |
| Spiked Barricades | 1 | |
10 total
» buildings
| Altar of Storms | 2 | |
| Orc Burrow | 8 | |
| War Mill | 7 | |
| Voodoo Lounge | 3 | |
| Watch Tower | 90 | |
| Barracks | 1 | |
| Stronghold | 2 | |
| Great Hall | 2 | |
| Fortress | 1 | |
| Beastiary | 6 | |
122 total
» build order
00:10 Altar of Storms
00:23 Orc Burrow
00:54 War Mill
01:45 Voodoo Lounge
02:07 Watch Tower
02:12 Watch Tower
02:21 Watch Tower
02:53 Watch Tower
03:07 Barracks
03:36 Watch Tower
04:16 Orc Burrow
04:32 Watch Tower
04:34 Watch Tower
05:01 Stronghold
05:36 Watch Tower
06:41 Watch Tower
06:52 Watch Tower
06:54 Watch Tower
06:58 Great Hall
07:47 Watch Tower
08:00 Watch Tower
08:01 Watch Tower
08:52 Watch Tower
09:06 Watch Tower
09:30 Watch Tower
09:59 Watch Tower
10:14 Watch Tower
10:20 Fortress
10:27 Beastiary
10:55 Watch Tower
10:57 Watch Tower
11:05 Watch Tower
11:13 Beastiary
11:17 Beastiary
11:21 Watch Tower
11:27 Voodoo Lounge
11:46 Orc Burrow
12:12 Watch Tower
12:31 Watch Tower
12:45 Watch Tower
12:46 Watch Tower
13:09 Watch Tower
13:10 Watch Tower
13:12 Watch Tower
14:06 Watch Tower
14:23 Watch Tower
16:47 War Mill
21:19 Great Hall
21:47 Watch Tower
21:48 Watch Tower
21:49 Watch Tower
21:51 Watch Tower
22:25 War Mill
22:48 War Mill
22:54 Watch Tower
22:55 Watch Tower
22:56 Watch Tower
22:57 Watch Tower
25:44 Watch Tower
25:45 Watch Tower
25:47 Watch Tower
25:49 Watch Tower
26:49 Watch Tower
26:50 Watch Tower
26:51 Watch Tower
26:52 Watch Tower
29:34 Watch Tower
29:37 Watch Tower
30:05 Watch Tower
30:06 Watch Tower
30:08 Watch Tower
30:44 Watch Tower
30:46 Watch Tower
31:25 Watch Tower
31:31 War Mill
31:47 Watch Tower
31:51 Orc Burrow
32:29 Watch Tower
32:59 Watch Tower
33:32 Watch Tower
33:34 Watch Tower
33:36 Watch Tower
33:42 Watch Tower
33:46 Orc Burrow
34:04 Watch Tower
34:26 Watch Tower
34:29 Watch Tower
34:35 Watch Tower
34:37 Watch Tower
34:45 Watch Tower
34:57 War Mill
35:07 Watch Tower
35:08 Watch Tower
35:10 Watch Tower
35:22 Watch Tower
35:42 Watch Tower
35:44 Watch Tower
35:45 Watch Tower
36:05 Watch Tower
36:08 Watch Tower
36:16 Watch Tower
36:40 Watch Tower
36:42 Watch Tower
36:43 Watch Tower
36:48 Watch Tower
36:50 Watch Tower
37:57 Watch Tower
37:58 Watch Tower
38:00 Watch Tower
39:09 Orc Burrow
39:28 Watch Tower
39:30 Watch Tower
40:27 Voodoo Lounge
40:29 Stronghold
43:42 Beastiary
43:43 Beastiary
43:45 Beastiary
44:16 Altar of Storms
44:22 Watch Tower
49:06 War Mill
50:24 Orc Burrow
51:24 Orc Burrow
» items
| Healing Salve | 3 | |
| Boots of Speed | 1 | |
| Staff of Teleportation | 1 | |
| Lesser Clarity Potion | 7 | |
| Orb of Lightning | 1 | |
| Tiny Great Hall | 2 | |
| Potion of Healing | 6 | |
| Potion of Mana | 8 | |
29 total
Blahsmack (
orange | 42 APM | 2257 actions | 54:21)
5 Blademaster
2 Wind Walk
3 Critical Strike
» actions
| Basic commands | 185 | |
| Build / train | 94 | |
| Enter build submenu | 62 | |
| Enter hero's abilities submenu | 5 | |
| Give item / drop item | 6 | |
| Right click | 1083 | |
| Select / deselect | 578 | |
| Use ability | 244 | |
2257 total
» units
| Peon | 35 | |
| Troll Batrider | 28 | |
| Goblin Shredder | 1 | |
| Goblin Zeppelin | 1 | |
65 total
» upgrades
| Ranged Weapons | 3 | |
| Liquid Fire | 1 | |
| Reinforced Defenses | 1 | |
5 total
» buildings
| Altar of Storms | 2 | |
| Orc Burrow | 8 | |
| War Mill | 3 | |
| Voodoo Lounge | 2 | |
| Watch Tower | 95 | |
| Stronghold | 1 | |
| Great Hall | 2 | |
| Beastiary | 5 | |
| Fortress | 1 | |
119 total
» build order
00:05 Altar of Storms
00:15 Orc Burrow
00:35 War Mill
01:11 Orc Burrow
02:27 Voodoo Lounge
02:42 Watch Tower
03:38 Watch Tower
05:03 Stronghold
05:13 Watch Tower
05:14 Watch Tower
05:16 Watch Tower
05:19 Watch Tower
05:50 Orc Burrow
05:51 Orc Burrow
07:12 Great Hall
07:32 Watch Tower
07:33 Watch Tower
07:34 Watch Tower
07:35 Watch Tower
07:45 Watch Tower
08:11 Beastiary
08:46 Beastiary
09:45 Beastiary
11:48 Fortress
22:23 Great Hall
22:37 Watch Tower
22:38 Watch Tower
22:39 Watch Tower
22:41 Watch Tower
22:43 Watch Tower
22:45 Watch Tower
22:46 Watch Tower
22:47 Watch Tower
29:32 Voodoo Lounge
30:08 War Mill
30:14 Watch Tower
30:15 Watch Tower
30:16 Watch Tower
30:17 Watch Tower
30:19 Watch Tower
30:24 Watch Tower
30:25 Watch Tower
30:26 Watch Tower
30:27 Watch Tower
30:28 Watch Tower
30:29 Watch Tower
30:32 Watch Tower
32:37 Watch Tower
32:53 Beastiary
33:14 Beastiary
33:31 Watch Tower
33:39 Orc Burrow
33:55 Watch Tower
34:02 Watch Tower
34:25 Watch Tower
34:35 Orc Burrow
34:43 Watch Tower
34:55 Watch Tower
35:07 Watch Tower
35:23 Watch Tower
35:35 Watch Tower
35:42 Watch Tower
36:00 Orc Burrow
36:18 Watch Tower
36:30 Watch Tower
39:07 Watch Tower
39:08 Watch Tower
39:09 Watch Tower
39:18 Watch Tower
39:19 Watch Tower
39:20 Watch Tower
39:23 Watch Tower
39:24 Watch Tower
40:16 Watch Tower
40:18 Watch Tower
40:20 Watch Tower
40:22 Watch Tower
41:20 Watch Tower
41:21 Watch Tower
41:22 Watch Tower
42:33 Watch Tower
42:34 Watch Tower
42:53 Watch Tower
42:54 Watch Tower
42:55 Watch Tower
42:56 Watch Tower
42:57 Watch Tower
43:21 Watch Tower
43:22 Watch Tower
43:23 Watch Tower
44:35 Watch Tower
44:45 Watch Tower
45:24 Watch Tower
46:40 Altar of Storms
46:45 Watch Tower
46:46 Watch Tower
46:47 Watch Tower
46:48 Watch Tower
46:49 Watch Tower
47:40 Watch Tower
47:41 Watch Tower
47:42 Watch Tower
47:43 Watch Tower
48:46 Watch Tower
48:59 Watch Tower
49:01 Watch Tower
49:02 Watch Tower
49:04 Watch Tower
49:10 Watch Tower
50:17 Watch Tower
50:19 Watch Tower
50:21 Watch Tower
50:22 Watch Tower
50:24 Watch Tower
50:25 Watch Tower
50:26 Watch Tower
50:27 Watch Tower
52:40 War Mill
53:03 Orc Burrow
» items
| Healing Salve | 3 | |
| Lesser Clarity Potion | 2 | |
| Scroll of Speed | 1 | |
| Potion of Healing | 2 | |
| Potion of Mana | 2 | |
| Circlet of Nobility | 1 | |
| Staff of Teleportation | 1 | |
| Boots of Speed | 1 | |
| Orb of Lightning | 1 | |
| Tiny Great Hall | 2 | |
16 total
GobinersAlt (
teal | 32 APM | 1719 actions | 54:19)
4 Archmage
2 Blizzard
2 Brilliance Aura
4 Blood Mage
2 Flame Strike
2 Siphon Mana
» actions
| Assign group hotkey | 16 | |
| Basic commands | 5 | |
| Build / train | 103 | |
| ESC pressed | 5 | |
| Enter build submenu | 48 | |
| Enter hero's abilities submenu | 9 | |
| Give item / drop item | 6 | |
| Right click | 525 | |
| Select / deselect | 519 | |
| Select group hotkey | 261 | |
| Use ability | 220 | |
1719 total
» units
| Peasant | 26 | |
| Dragonhawk Rider | 13 | |
| Gryphon Rider | 1 | |
40 total
» upgrades
| Masonry | 3 | |
| Animal War Training | 1 | |
| Swords | 3 | |
| Armor | 3 | |
| Cloud | 1 | |
| Magic Sentry | 1 | |
| Sorceress Training | 1 | |
| Lumber Harvesting | 1 | |
14 total
» buildings
| Altar of Kings | 3 | |
| Farm | 19 | |
| Lumber Mill | 2 | |
| Scout Tower | 59 | |
| Arcane Tower | 2 | |
| Guard Tower | 22 | |
| Keep | 2 | |
| Arcane Vault | 2 | |
| Castle | 1 | |
| Gryphon Aviary | 4 | |
| Blacksmith | 1 | |
| Barracks | 1 | |
| Arcane Sanctum | 1 | |
| Town Hall | 2 | |
121 total
» build order
00:10 Altar of Kings
00:15 Farm
00:51 Lumber Mill
00:58 Farm
01:22 Scout Tower
01:37 Scout Tower
01:52 Arcane Tower
01:58 Scout Tower
02:13 Guard Tower
02:22 Scout Tower
02:30 Guard Tower
02:34 Scout Tower
02:49 Guard Tower
02:51 Scout Tower
03:25 Guard Tower
03:28 Scout Tower
03:29 Scout Tower
03:48 Keep
04:04 Guard Tower
04:16 Guard Tower
04:30 Arcane Vault
05:53 Scout Tower
05:56 Scout Tower
06:15 Castle
06:21 Farm
06:22 Farm
06:27 Farm
06:28 Farm
06:32 Guard Tower
06:35 Scout Tower
06:36 Scout Tower
06:39 Scout Tower
06:40 Scout Tower
06:48 Gryphon Aviary
06:51 Gryphon Aviary
07:03 Blacksmith
07:12 Barracks
07:27 Guard Tower
07:44 Guard Tower
08:09 Guard Tower
08:23 Scout Tower
08:24 Scout Tower
08:47 Guard Tower
09:06 Guard Tower
09:29 Farm
09:32 Farm
09:33 Farm
09:40 Guard Tower
11:35 Arcane Sanctum
23:15 Altar of Kings
25:09 Scout Tower
25:11 Scout Tower
26:24 Farm
27:17 Farm
27:58 Town Hall
30:07 Arcane Tower
32:52 Town Hall
35:58 Arcane Vault
36:11 Farm
36:40 Lumber Mill
38:00 Farm
38:01 Farm
38:02 Farm
38:04 Farm
38:04 Farm
38:05 Farm
38:06 Farm
39:07 Keep
41:29 Gryphon Aviary
41:32 Gryphon Aviary
44:14 Altar of Kings
46:22 Scout Tower
46:23 Scout Tower
46:24 Scout Tower
46:26 Scout Tower
46:29 Scout Tower
46:30 Scout Tower
46:32 Scout Tower
46:33 Scout Tower
46:35 Scout Tower
46:36 Scout Tower
46:38 Scout Tower
46:39 Scout Tower
46:41 Scout Tower
46:42 Scout Tower
46:44 Scout Tower
46:47 Scout Tower
46:49 Scout Tower
46:51 Scout Tower
46:52 Scout Tower
46:55 Scout Tower
46:56 Scout Tower
46:58 Scout Tower
46:59 Scout Tower
47:00 Scout Tower
47:04 Scout Tower
47:06 Scout Tower
47:07 Scout Tower
47:08 Scout Tower
47:13 Scout Tower
47:39 Guard Tower
48:36 Scout Tower
48:38 Scout Tower
48:41 Scout Tower
48:43 Scout Tower
48:46 Scout Tower
48:50 Scout Tower
49:12 Guard Tower
49:31 Guard Tower
50:07 Guard Tower
50:11 Guard Tower
50:17 Scout Tower
50:19 Scout Tower
50:21 Scout Tower
50:26 Scout Tower
50:29 Scout Tower
50:35 Scout Tower
51:02 Guard Tower
51:57 Guard Tower
52:16 Guard Tower
53:18 Guard Tower
» items
| Healing Salve | 2 | |
| Lesser Clarity Potion | 1 | |
| Staff of Sanctuary | 2 | |
| Boots of Speed | 2 | |
| Staff of Teleportation | 2 | |
| Orb of Lightning | 2 | |
| Mechanical Critter | 1 | |
12 total
Chat log
(00:05 / All) GobinersAlt: hi guys
(00:06 / Allies) bia-bia-bia: do a fast e if you can gob
(00:37 / Allies) GobinersAlt: perch
(00:42 / Allies) bia-bia-bia: try to get all
(00:56 / All) sasame: happy 4th
(00:59 / All) bia-bia-bia: u2u2
(01:04 / All) sasame: thx u
(01:05 / All) Blahsmack: AMERICUH
(01:17 / All) sasame: theres more canucks in here
(01:25 / All) bia-bia-bia: i sg la ~~
(01:25 / All) Blahsmack: AMERICUH
(01:30 / All) Blahsmack: AMERIKA
(01:31 / All) GobinersAlt: FUCK YEAH
(01:54 / Allies) Blahsmack: oh man 5s all around el oh el chortle you owe me a new keyboard, monitor, pair of boxers and animu wallscroll goon sir
(02:01 / Allies) bia-bia-bia: hgaha
(02:04 / Allies) GobinersAlt: ha
(02:29 / All) bia-bia-bia: FUK YO BURROW
(03:22 / Allies) GobinersAlt: kewl
(03:56 / Allies) GobinersAlt: bia we're in vent fyi
(04:08 / Allies) Blahsmack: stuck!
(04:15 / Allies) GobinersAlt: kill da trees
(07:21 / Allies) GobinersAlt: gold?
(07:32 / Allies) GobinersAlt: ty
(07:55 / Allies) bia-bia-bia: i need lumber
(07:57 / Allies) Blahsmack: need gold to get started on bats
(08:53 / Allies) GobinersAlt: purp is expoing
(09:41 / Allies) bia-bia-bia: these guys are huge noobs
(09:55 / Allies) GobinersAlt: blah
(12:38 / Allies) Blahsmack: cumming bia
(17:18 / Allies) bia-bia-bia: brt
(22:34 / Allies) bia-bia-bia: brt
(23:31 / Allies) bia-bia-bia: huge noobs
(24:06 / Allies) bia-bia-bia: clear that
(24:07 / Allies) bia-bia-bia: someone take
(24:10 / Allies) Blahsmack: i will
(24:21 / Allies) Blahsmack: gobs can have that
(24:34 / Allies) bia-bia-bia: i will set tower
(27:47 / Allies) bia-bia-bia: get pons to that expo gobby
(28:09 / Allies) GobinersAlt: only have 1
(28:10 / Allies) GobinersAlt: tt
(28:14 / Allies) bia-bia-bia: make a hall there
(28:15 / Allies) GobinersAlt: blah you need way more towers
(28:16 / Allies) GobinersAlt: way
(28:17 / Allies) GobinersAlt: more
(28:18 / Allies) GobinersAlt: towers
(28:24 / Allies) bia-bia-bia: tower corners
(28:50 / Allies) GobinersAlt: blah build more towers at this base plz
(30:32 / Allies) GobinersAlt: can I take this expo?
(30:35 / Allies) bia-bia-bia: god
(30:39 / Allies) bia-bia-bia: yes take it for the 15th time
(30:51 / Allies) GobinersAlt: give control
(33:24 / Allies) GobinersAlt: need more towers down here
(33:27 / Allies) GobinersAlt: way more
(33:39 / Allies) bia-bia-bia: need lumber
(34:14 / Allies) GobinersAlt: gay
(34:15 / Allies) GobinersAlt: scouted
(34:24 / Allies) GobinersAlt: gonna get hit soon probably
(35:03 / Allies) GobinersAlt: more towers please
(35:12 / Allies) bia-bia-bia: make hawk
(35:14 / Allies) bia-bia-bia: upgrade to hawk now
(35:17 / Allies) GobinersAlt: working on it
(35:29 / Allies) GobinersAlt: give gold plz
(36:16 / Allies) GobinersAlt: ugh
(36:18 / Allies) GobinersAlt: mouse is being gay
(36:21 / Allies) bia-bia-bia: need lumber
(38:11 / Allies) bia-bia-bia: lol
(38:13 / Allies) bia-bia-bia: these guys so bad
(46:50 / Allies) bia-bia-bia: 2100 left tt
(46:56 / Allies) Blahsmack: 7k left
(47:49 / Allies) GobinersAlt: anyone give lumber?
(47:58 / Allies) bia-bia-bia: how much
(48:07 / Allies) GobinersAlt: like 1000
(48:13 / Allies) GobinersAlt: ugh
(49:46 / Allies) bia-bia-bia: they cannot take us
(49:47 / Allies) bia-bia-bia: pretty sure
(49:53 / Allies) bia-bia-bia: they lose too much shit
(49:59 / Allies) GobinersAlt: bia give 300lumber plz
(51:41 / Allies) bia-bia-bia: dont lead them
(51:42 / Allies) bia-bia-bia: to my shit
(51:45 / Allies) GobinersAlt: should I build arcane towers for reveal?
(52:04 / Allies) bia-bia-bia: i think we're ok
(52:33 / Allies) GobinersAlt: can you shackle zeps?
(52:37 / Allies) bia-bia-bia: i dont think so
(53:09 / Allies) bia-bia-bia: gob make a shop plz
(53:20 / Allies) bia-bia-bia: icic
(53:36 / All) bia-bia-bia: lmao
(54:09 / All) bia-bia-bia: gg
(54:10 / All) bia-bia-bia: n00bz